 Dungeon Crawl Stone Soup version 0.31-a0-859-g9dce7d3444 (webtiles) character file.

Game seed: 7398985222535292080

340 Shayle the Ruffian (level 6, -1/48 HPs)
             Began as a Human Shapeshifter on Oct 9, 2023.
             Slain by an orc priest
             ... wielding a +4 flail
              (7 damage)
             ... on level 5 of the Dungeon.
             The game lasted 00:09:15 (3751 turns).

Shayle the Ruffian (Human Shapeshifter)             Turns: 3751, Time: 00:09:15

Health: -1/48      AC:  2    Str: 14    XL:     6   Next: 86%
Magic:  6/6        EV: 12    Int: 13    God:
Gold:   278        SH:  0    Dex: 12    Spells: 5/5 levels left

rFire   . .          .
                       - Unarmed
rCold   . . .        (no shield)
rNeg    + . .        a - +0 animal skin
rPois   .            (helmet currently unavailable)
rElec   .            (cloak currently unavailable)
rCorr   .            (gloves currently unavailable)
SInv    .            (boots currently unavailable)
Will    .....        (no amulet)
Stlth   +            i - ring of positive energy
HPRegen 0.28/turn    (no ring)
MPRegen 0.10/turn

%: no passive effects
@: lethally poisoned (-1 -> -17), beast-form
A: beast (slay +2)
a: Begin Untransformation


You were on level 5 of the Dungeon.
You were a hulking beast.
You visited 1 branch of the dungeon, and saw 5 of its levels.

You collected 278 gold pieces.

Inventory:

Hand Weapons
 k - a +0 trident
Missiles
 b - 3 curare-tipped darts
Armour
 a - a +0 animal skin (worn)
 r - the +0 cloak of the Crushed Tusks {+Blink rPois rN+ Stlth+}
   (You found it on level 2 of the Dungeon)

   rPois:     It protects you from poison rN+: It protects you from negative
   energy.
   +Blink:    It lets you blink.
   Stlth+:    It makes you more stealthy.
Jewellery
 i - a ring of positive energy (left hand)
 v - a ring of positive energy
Talismans
 c - a beast talisman (active)
 d - a flux talisman
Wands
 q - a wand of iceblast (6)
 s - a wand of charming (5)
 u - a wand of flame (21)
Scrolls
 e - 2 scrolls of vulnerability {unknown}
 g - a scroll of noise {unknown}
 h - a scroll of silence {unknown}
 j - a scroll of fog
 m - 2 scrolls of poison {unknown}
 p - 3 scrolls of enchant weapon {unknown}
 t - a scroll of fear {unknown}
 x - a scroll of teleportation {unknown}
Potions
 f - 4 potions of curing
 l - 2 potions of attraction {unknown}
 n - a potion of brilliance {unknown}
 o - 2 potions of cancellation {unknown}
 w - a potion of resistance {unknown}


   Skills:
 + Level 3.8 Fighting
 - Level 2.0 Dodging
 + Level 4.7 Unarmed Combat
 + Level 4.4 Shapeshifting


You had 5 spell levels left.
You didn't know any spells.
Your spell library contained the following spells:

 Spells                   Type           Power      Damage    Failure   Level
 Foxfire                  Conj/Fire      0%         2x1d4     30%         1
 Freeze                   Ice            0%         1d3       30%         1
 Blink                    Tloc           0%         N/A       43%         2
 Lesser Beckoning         Tloc           0%         N/A       43%         2
 Momentum Strike          Conj/Tloc      0%         3d8       43%         2
 Static Discharge         Conj/Air       0%         2-2/arc   43%         2
 Dazzling Flash           Conj/Hex       0%         N/A       67%         3
 Frozen Ramparts          Ice            0%         1d1       67%         3
 Hailstorm                Conj/Ice       0%         3d3       67%         3
 Volatile Blastmotes      Fire/Tloc      0%         2d10      67%         3
 Airstrike                Air            0%         2d(0-16)  97%         4
 Summon Lightning Spire   Summ/Air       0%         N/A       97%         4
 Vhi's Electric Charge    Tloc/Air       0%         N/A       97%         4
 Arcjolt                  Conj/Air       0%         1d10      100%        5
 Plasma Beam              Fire/Air       0%         2x1d10    100%        6
 Starburst                Conj/Fire      0%         6d3       100%        6
 Maxwell's Capacitive Co  Air            0%         ∞         100%        8


Dungeon Overview and Level Annotations

Branches:
Dungeon (5/15)
 Temple: D:4-7

Altars:
Sif Muna
The Shining One

Shops:
D:4 (


Message History

The orc priest moves out of view.
You hear a shout!
You closely miss the water moccasin. The water moccasin barely misses you.
The water moccasin bites you.
You hit the water moccasin.
The water moccasin is lightly wounded.
The water moccasin bites you.
You hit the water moccasin.
The water moccasin is lightly wounded.
The water moccasin misses you.
You punch the water moccasin!
The water moccasin is heavily wounded.
The water moccasin bites you.
You are poisoned.
The water moccasin poisons you! The water moccasin closely misses you.
You closely miss the water moccasin.
The water moccasin is heavily wounded.
You feel very sick. The water moccasin bites you.
You closely miss the water moccasin.
The water moccasin is heavily wounded.
You feel sick. The water moccasin bites you.
As you read the scroll labelled PANYTSUAPLI, it dissolves into smoke.
It was a scroll of fog.
You feel very sick. The water moccasin barely misses you.
The water moccasin bites you.
* * * LOW HITPOINT WARNING * * *
You feel sick.
You feel sick.
The water moccasin attacks as it pursues you!
The water moccasin misses you. The water moccasin closely misses you.
Okay, then.
You feel better. The water moccasin bites you!
* * * LOW HITPOINT WARNING * * *
You barely miss the orc priest. The water moccasin bites you.
* * * LOW HITPOINT WARNING * * *
You are lethally poisoned!
The water moccasin poisons you!
The orc priest hits you with a +4 flail!
You die...

.. ##.. .###### ....
...>... ##.. ##.......
##### #§o.....o #.... #§#
#.... ##o# #.... #So#
#.... ##h## ##... #§§#
###... #######§####
#.....
#..........#########...##
#.......................#
#..........####.........#
##..........###.........#
#.......................
#..................<....


You could see a water moccasin, an orc priest and an orc.

Vanquished Creatures
  Menkaure (D:4)
  A hound (D:4)
  A jelly (D:4)
  Ijyb (D:3)
  3 adders
  3 worms (D:2)
  10 orcs
  4 bats
  8 endoplasms
  A giant cockroach (D:3)
  3 goblins
  16 hobgoblins
  4 jackals (D:1)
  A quokka (D:2)
  12 ball pythons
  6 frilled lizards
  8 kobolds
  5 rats
88 creatures vanquished.

Notes
Turn   | Place    | Note
-------+----------+-------------------------------------------
     0 | D:1      | Shayle the Human Shapeshifter began the quest for the Orb.
     0 | D:1      | Reached XP level 1. HP: 15/15 MP: 1/1
   115 | D:1      | Reached XP level 2. HP: 15/21 MP: 2/2
   632 | D:1      | Reached XP level 3. HP: 23/27 MP: 3/3
  1090 | D:2      | Reached XP level 4. HP: 21/33 MP: 4/4
  1500 | D:2      | Identified the +0 cloak of the Crushed Tusks {+Blink rPois
                  | rN+ Stlth+}
  2065 | D:3      | Noticed Ijyb
  2111 | D:3      | Killed Ijyb
  2112 | D:3      | Reached XP level 5. HP: 22/40 MP: 5/5
  2390 | D:3      | Found a faded altar of an unknown god.
  2486 | D:3      | Found a shimmering blue altar of Sif Muna.
  2660 | D:4      | Found Ewylenir's Weapon Emporium.
  2790 | D:4      | Found a glowing golden altar of the Shining One.
  2864 | D:4      | Reached XP level 6. HP: 25/47 MP: 6/6
  3088 | D:4      | Noticed Menkaure
  3135 | D:5      | Entered Level 5 of the Dungeon
  3347 | D:4      | Killed Menkaure
  3738 | D:5      | Noticed a water moccasin
  3751 | D:5      | Slain by an orc priest

Illustrated notes

Levels and vault maps discovered:
D:1:      dpeg_arrival_arbitrary_c, layout_basic, minmay_misc_feat_rugged
D:2:      layout_loops_ring, dreamdust_mushroom_princess, minmay_misc_feat_room
D:3:      layout_rooms, lemuel_blue_sif_altar,
          shapermc_ecumenical_altar_flowoftime, serial_rivers,
          chequers_serial_rivers_room_b, chequers_serial_rivers_small_b,
          chequers_serial_rivers_micro_c, chequers_serial_rivers_small_a,
          kennysheep_generic_room_7, uniq_ijyb
D:4:      layout_rooms, tso_metal_star, nicolae_eternal_life,
          nicolae_stop_n_shop_2, uniq_menkaure
D:5:      layout_rooms

Skill      XL: |  1  2  3  4  5 |
---------------+----------------+-----
Fighting       | 2 3 |  3.8
Unarmed Combat | 4 |  4.7
Shapeshifting  | 4 |  4.4
Dodging        | |  2.0

Action                     |  1- 3 |  4- 6 || total
---------------------------+-------+-------++-------
  Melee: Unarmed           |    93 |   174 ||   267
         Punch             |     2 |     4 ||     6
  Evoke: Wand              |       |     7 ||     7
    Use: Potion            |       |     3 ||     3
         Scroll            |       |     1 ||     1
   Stab: Sleeping          |     1 |       ||     1
 Armour: Animal skin       |    56 |    79 ||   135
         Skin              |       |     7 ||     7
  Dodge: Dodged            |    54 |    84 ||   138

Table legend: (Time is in decaauts)
 A = Elapsed time spent in this place.
 B = Non-inter-level travel time spent in this place.
 C = Inter-level travel time spent in this place.
 D = Time resting spent in this place.
 E = Time spent auto-exploring this place.
 F = Levels seen in this place.
 G = Mean time per level.
                   A        B        C        D        E       F      G
               +--------+--------+--------+--------+--------+-----+--------+
         Total |   3737 |   3600 |    137 |    223 |   2410 |   5 |  747.4 |
       Dungeon |   3737 |   3600 |    137 |    223 |   2410 |   5 |  747.4 |
               +--------+--------+--------+--------+--------+-----+--------+

Top non-repeatable levels by time:
     D:3: 976 daAuts
     D:1: 907 daAuts
     D:4: 808 daAuts
     D:2: 797 daAuts
     D:5: 248 daAuts
